 Dungeon Crawl Stone Soup version 0.24-a0-784-g601f8f6d22 (webtiles) character file.

Game seed: 15208900372253674760, levelgen mode: deterministic

53 Gargoyl the Skirmisher (level 3, -4/31 HPs)
             Began as a Centaur Abyssal Knight on Oct 9, 2019.
             Was a Follower of Lugonu.
             Killed from afar by Crazy Yiuf (7 damage)
             ... with a puff of flame
             ... while paralysed by Crazy Yiuf
             ... on level 2 of the Dungeon.
             The game lasted 00:03:07 (1845 turns).

Gargoyl the Skirmisher (Centaur Abyssal Knight)     Turns: 1845, Time: 00:03:08

Health: -4/31      AC: 12    Str: 14    XL:     3   Next: 64%
Magic:  13/13      EV:  5    Int: 11    God:    Lugonu [*.....]
Gold:   134        SH:  0    Dex:  9    Spells: 2/2 levels left

rFire    . . .     SeeInvis .   (weapon currently unavailable)
rCold    . . .     Gourm    .   (shield currently unavailable)
rNeg     + + +     Faith    .   (armour currently unavailable)
rPois    +         Spirit   .   (helmet currently unavailable)
rElec    .         Reflect  .   (cloak currently unavailable)
rCorr    .         Harm     .   (gloves currently unavailable)
MR       .....                  (no barding)
Stlth    +.........             (no amulet)
HPRegen  0.10/turn              g - ring of magical power
MPRegen  0.13/turn              (no ring)

@: paralysed, fungus-form
A: tiny
a: Depart the Abyss, Renounce Religion


You were on level 2 of the Dungeon.
You worshipped Lugonu.
Lugonu was aware of your devotion.
You were hungry.
You were a sentient fungus.
You visited 1 branch of the dungeon, and saw 2 of its levels.
You visited the Abyss 1 time.

You collected 134 gold pieces.

Inventory:

Hand Weapons
 a - a +2 hand axe (melded)
Armour
 k - a +0 pair of gloves (melded)
 m - a +0 chain mail (melded)
Jewellery
 g - a ring of magical power (left hypha)
Scrolls
 d - a scroll of remove curse
 h - 3 scrolls of identify
 n - a scroll of amnesia {unknown}
 o - a scroll of fear {unknown}
 q - a scroll of fog {unknown}
Potions
 b - a potion of agility {unknown}
 e - a potion of brilliance {unknown}
 f - a potion of berserk rage {unknown}
 i - 3 potions of cancellation {unknown}
 j - 5 potions of curing {unknown}
 l - a potion of ambrosia {unknown}
 p - a potion of might {unknown}
Comestibles
 c - 10 rations


   Skills:
 + Level 3.5 Fighting
 + Level 2.2 Axes
 * Level 1.8 Armour
 * Level 1.1 Dodging
 * Level 2.4 Invocations


You had 2 spell levels left.
You didn't know any spells.
Your spell library was empty.

Dungeon Overview and Level Annotations

Branches:
Dungeon (2/15)

Altars:
The Shining One

Annotations:
D:2 Crazy Yiuf


Innate Abilities, Weirdness & Mutations

((You have hooves in place of feet.))
((Armour fits poorly on your strangely shaped body.))
((You cover ground very quickly.))
((You have extremely tough skin. (AC +3)))


Message History

Crazy Yiuf is lightly wounded.
Crazy Yiuf says, "Rifle hog Hive!"
Crazy Yiuf hits you with a +4 quarterstaff of chaos!
You hit Crazy Yiuf. You kick Crazy Yiuf, but do no damage.
Crazy Yiuf is lightly wounded.
Crazy Yiuf hits you with a +4 quarterstaff of chaos!
You suddenly lose the ability to move!
Crazy Yiuf hits you with a +4 quarterstaff of chaos.
* * * LOW HITPOINT WARNING * * *
Crazy Yiuf burns you.
* * * LOW HITPOINT WARNING * * *
Crazy Yiuf hits you with a +4 quarterstaff of chaos.
* * * LOW HITPOINT WARNING * * *
You turn into a sentient fungus.
Your +2 hand axe melds into your body.
Your +0 pair of gloves melds into your body.
Your +0 chain mail melds into your body.
Crazy Yiuf cries, "Buddy infinity tea!"
Crazy Yiuf barely misses you.
Crazy Yiuf zaps a wand.
The puff of flame hits you!
You die...

#.#
#.....#.##.#########.#
#.#################
#.# #...[..# #### #.#
######## ##### #..#
#.# #).)# ##.# #.#
#)))# #.# #.. )))
##.######### #g#
#......<.... ♣f♣♣
##.######### ♣♣)♣ #.#
♣)♣♣ ##.######### ♣♣)♣
#........... ♣♣)♣♣
#.########## ♣♣..)♣
#.# ♣PPP.♣ #.# #....#
#.# #....###.#


You could see Crazy Yiuf.

Vanquished Creatures
  An ooze (D:2)
  A dart slug (D:1)
  2 bats (D:1)
  A giant cockroach (D:2)
  10 goblins
  2 hobgoblins (D:2)
  7 jackals (D:1)
  4 ball pythons
  3 frilled lizards
  5 kobolds
  7 rats
43 creatures vanquished.

Notes
Turn   | Place    | Note
-------+----------+-------------------------------------------
     0 | Abyss:1  | Gargoyl the Centaur Abyssal Knight began the quest for the
                  | Orb.
     0 | Abyss:1  | Reached XP level 1. HP: 19/19 MP: 2/2
    59 | Abyss:1  | Noticed a large abomination
    97 | Abyss:1  | Noticed an iron imp
   135 | Abyss:1  | Noticed a raiju
   136 | D:1      | Escaped the Abyss
   153 | D:1      | Reached XP level 2. HP: 22/26 MP: 3/3
   293 | D:1      | Found a glowing golden altar of the Shining One.
   622 | D:1      | Reached * piety under Lugonu
   720 | D:1      | Reached skill level 1 in Dodging
   731 | D:1      | Reached XP level 3. HP: 20/31 MP: 4/4
  1553 | D:2      | Found a glowing golden altar of the Shining One.
  1835 | D:2      | Found a runed translucent door.
  1836 | D:2      | Noticed Crazy Yiuf
  1841 | D:2      | Paralysed by Crazy Yiuf for 5 turns
  1845 | D:2      | Killed from afar by Crazy Yiuf

Levels and vault maps discovered:
D:1:      erik_arrival_blinker_ship, layout_loops_corners, tso_metal_star
D:2:      layout_loops_ring, nicolae_overflow_hidden_temple, first_ration,
          uniq_crazy_yiuf_cottage

Skill      XL: |  1  2 |
---------------+-------+-----
Axes           | 2 |  2.2
Dodging        | 1 |  1.1
Fighting       | |  3.5
Armour         | |  1.8
Invocations    | |  2.4

Action                   || total
-------------------------++-------
Melee: Hand axe          ||    83
       Kick              ||    16
Invok: Depart the Abyss  ||     1
  Use: Scroll            ||     5
  Eat: Chunk             ||     1
Armor: Leather armour    ||    20
       Chain mail        ||     8
Dodge: Dodged            ||    36

Table legend:
 A = Non-vault XP
 B = Vault XP
 C = Vault XP percentage of total XP
 D = Non-vault monster count
 E = Vault monster count
 F = Vault count percentage of total count
                 A         B        C        D         E       F
            +---------+---------+-------+---------+---------+-------
      Total |      77 |       0 |   0.0 |      43 |       0 |   0.0
            +---------+---------+-------+---------+---------+-------
        D:1 |      46 |       0 |   0.0 |      26 |       0 |   0.0
        D:2 |      31 |       0 |   0.0 |      17 |       0 |   0.0
            +---------+---------+-------+---------+---------+-------
